 Dungeon Crawl Stone Soup version 0.29-a0-284-gf9362112df (webtiles) character file.

Game seed: 489578213320553783

39 mistaj the Insei (level 3, -1/19 (20) HPs)
             Began as a Vine Stalker Monk on Mar 24, 2022.
             Succumbed to an adder's poison
             ... on level 2 of the Dungeon.
             The game lasted 00:02:16 (1700 turns).

mistaj the Insei (Vine Stalker Monk)                Turns: 1700, Time: 00:02:16

HP:   -1/19 (20)    AC:  3    Str: 15    XL:     3   Next: 47%
MP:   3/6           EV: 12    Int: 10    God:
Gold: 125           SH:  0    Dex: 16    Spells: 5/5 levels left

rFire   . . .      SeeInvis .   a - +0 whip (vamp)
rCold   . . .      Faith    .   (no shield)
rNeg    . . .      Spirit   +   i - +0 leather armour
rPois   .          Reflect  .   (no helmet)
rElec   .          Harm     .   (no cloak)
rCorr   .          Rampage  .   (no gloves)
Will    .....                   (no boots)
Stlth   ++........              (no amulet)
HPRegen 0.06/turn               (no ring)
MPRegen 0.10/turn               (no ring)

@: lethally poisoned (-1 -> -7), drained
A: fangs 2, magic shield, antimagic bite, no potion heal 2
a: no special abilities


You were on level 2 of the Dungeon.
You visited 1 branch of the dungeon, and saw 2 of its levels.

You collected 125 gold pieces.

Inventory:

Hand Weapons
 a - a +0 vampiric whip (weapon)
Armour
 i - a +0 leather armour (worn)
Scrolls
 d - a scroll of immolation {unknown}
 e - a scroll of brand weapon {unknown}
 f - a scroll of identify {unknown}
 h - a scroll of blinking {unknown}
Potions
 b - a potion of ambrosia
 c - 2 potions of mutation {unknown}
 g - a potion of brilliance {unknown}
 j - a potion of curing {unknown}


   Skills:
 + Level 3.1 Fighting
 * Level 0.3 Maces & Flails
 - Level 2.4 Dodging
 - Level 2.4 Stealth
 - Level 3.4 Unarmed Combat
 + Level 1.5 Spellcasting


You had 5 spell levels left.
You didn't know any spells.
Your spell library was empty.

Dungeon Overview and Level Annotations

Branches:
Dungeon (2/15)

Altars:


Innate Abilities, Weirdness & Mutations

You have extremely sharp teeth.
When hurt, damage is shared between your health and your magic reserves.
Your bite disrupts and absorbs the magic of your enemies.
Potions cannot restore your health.


Message History

The adder is moderately wounded.
You feel sick.
You are no longer poisoned.
The adder misses you. The rat misses you.
You are too injured to fight recklessly!
You are too injured to fight recklessly!
The adder bites you but does no damage. The adder attacks as you move away!
The adder bites you.
You are poisoned.
The adder poisons you! The rat attacks as you move away!
The rat barely misses you.
You feel sick. The rat attacks as you move away! The rat bites you.
* * * LOW HITPOINT WARNING * * *
x2 You feel sick.
As you open the door, it creaks loudly!
* * * LOW HITPOINT WARNING * * *
You feel sick. The adder barely misses you. The rat barely misses you.
The adder attacks as you move away! The adder bites you but does no damage.
* * * LOW HITPOINT WARNING * * *
You feel sick. The adder barely misses you.
There is an open door here.
The adder attacks as you move away! The adder closely misses you.
* * * LOW HITPOINT WARNING * * *
You feel sick.
You barely miss the adder. Your bite misses the adder.
The adder is moderately wounded.
* * * LOW HITPOINT WARNING * * *
You feel sick. The adder bites you but does no damage.
You hit the adder.
You feel better.
You bite the adder. You drain its power.
You feel invigorated.
The adder is severely wounded.
* * * LOW HITPOINT WARNING * * *
You feel sick.
You are no longer poisoned.
The adder barely misses you. The adder bites you.
You are lethally poisoned!
The adder poisons you!
You barely miss the adder. Your bite misses the adder.
The adder is severely wounded.
You die...

#...# ### ... ######...#
#...##...####### ....
#...##.........# .......
#...##.........# .......
#..............##......
#....########........####
####....########....#.......
#......##.....@Sr...........
#.....#†...#####..>.........
#.....#...............<.....
#.....#.....................
#...........................
#.....############....#####.
#.....# #....# #.....#
###### #######


You could see an adder and a rat.

Vanquished Creatures
  A dart slug (D:1)
  2 endoplasms (D:1)
  A giant cockroach (D:1)
  2 goblins (D:1)
  3 hobgoblins
  3 jackals (D:2)
  A kobold (D:1)
  4 quokkas
  6 ball pythons
  3 bats
  2 frilled lizards (D:1)
  4 rats (D:1)
  A spectral goblin (D:1)
33 creatures vanquished.

Vanquished Creatures (others)
  3 toadstools (D:1)
3 creatures vanquished.

Grand Total: 36 creatures vanquished

Notes
Turn   | Place    | Note
-------+----------+-------------------------------------------
     0 | D:1      | mistaj the Vine Stalker Monk began the quest for the Orb.
     0 | D:1      | Reached XP level 1. HP: 11/11 MP: 2/2
   297 | D:1      | Reached XP level 2. HP: 16/16 MP: 2/4
   457 | D:1      | Found a faded altar of an unknown god.
   466 | D:1      | Reached skill level 1 in Spellcasting
   885 | D:1      | Reached XP level 3. HP: 17/18 MP: 3/5
  1700 | D:2      | Succumbed to an adder's poison

Illustrated notes

Levels and vault maps discovered:
D:1:      tarquinn_simple_flora_water_f, layout_basic,
          dreamdust_ecumenical_altar_drowned_temple, hex_intersection,
          minmay_door_square, minmay_gold_behind_fungi,
          chequers_serial_rivers_large_b, grunt_decor_cap
D:2:      layout_basic, minmay_misc_feat_room, uniq_jessica

Skill      XL: |  1  2 |
---------------+-------+-----
Spellcasting   | 1 |  1.5
Fighting       | 3 |  3.1
Maces & Flails | |  0.3
Dodging        | |  2.4
Stealth        | |  2.4
Unarmed Combat | |  3.4

Action                   || total
-------------------------++-------
Melee: Unarmed           ||    77
       Bite              ||    25
       Punch             ||     2
       Whip              ||    21
 Stab: Sleeping          ||     7
Armor: Robe              ||     9
       Leather armour    ||    17
Dodge: Dodged            ||    75

Table legend: (Time is in decaauts)
 A = Elapsed time spent in this place.
 B = Non-inter-level travel time spent in this place.
 C = Inter-level travel time spent in this place.
 D = Time resting spent in this place.
 E = Time spent auto-exploring this place.
 F = Levels seen in this place.
 G = Mean time per level.
                   A        B        C        D        E       F      G
               +--------+--------+--------+--------+--------+-----+--------+
         Total |   1747 |   1659 |     88 |    595 |    730 |   2 |  873.5 |
       Dungeon |   1747 |   1659 |     88 |    595 |    730 |   2 |  873.5 |
               +--------+--------+--------+--------+--------+-----+--------+

Top non-repeatable levels by time:
     D:1: 1417 daAuts
     D:2: 330 daAuts
